 Dungeon Crawl Stone Soup version 0.27-a0-1277-g3808f8b1c9 (webtiles) character file.

Game seed: 11285073607409320808

114 Feb132020 the Sneak (level 4, -11/21 HPs)
             Began as a Spriggan Venom Mage on June 12, 2021.
             Mangled by a wyvern zombie (14 damage)
             ... on level 3 of the Dungeon.
             The game lasted 00:08:46 (3284 turns).

Feb132020 the Sneak (Spriggan Venom Mage)           Turns: 3284, Time: 00:08:46

Health: -11/21     AC:  2    Str:  4    XL:     4   Next: 66%
Magic:  10/10      EV: 17    Int: 17    God:
Gold:   127        SH:  0    Dex: 15    Spells: 4/10 levels left

rFire    . . .     SeeInvis +   b - +0 short sword
rCold    . . .     Faith    .   (shield restricted)
rNeg     . . .     Spirit   .   a - +0 robe
rPois    .         Reflect  .   (helmet restricted)
rElec    .         Harm     .   (no cloak)
rCorr    .         Rampage  .   (gloves unavailable)
Will     .....                  (boots unavailable)
Stlth    +++.......             (no amulet)
HPRegen  0.07/turn              (no ring)
MPRegen  0.12/turn              (no ring)

@: very quick
A: very small, no large weapons, unfitting armour, see invisible, speed 3
a: no special abilities


You were on level 3 of the Dungeon.
You visited 1 branch of the dungeon, and saw 3 of its levels.

You collected 127 gold pieces.

Inventory:

Hand Weapons
 b - a +0 short sword (weapon)
Armour
 a - a +0 robe (worn)
Scrolls
 d - a scroll of magic mapping {unknown}
 e - 2 scrolls of fog {unknown}
 g - a scroll of identify {unknown}
Potions
 c - a potion of ambrosia {unknown}
 f - a potion of resistance {unknown}


   Skills:
 + Level 0.1 Fighting
 + Level 1.5 Short Blades
 + Level 3.0 Dodging
 + Level 4.8 Stealth
 * Level 3.5 Spellcasting
 + Level 1.9 Transmutations
 + Level 0.1 Air Magic
 + Level 3.7 Poison Magic


You had 4 spell levels left.
You knew the following spells:

 Your Spells              Type           Power      Damage    Failure   Level
a - Sting                 Tmut/Pois      48%        1d5       5%          1
b - Poisonous Vapours     Pois/Air       18%        N/A       11%         2
c - Mephitic Cloud        Conj/Pois/Air  7%         N/A       28%         3

Your spell library contained the following spells:

 Spells                   Type           Power      Damage    Failure   Level
 Ignite Poison            Fire/Tmut/Pois 9%         N/A       22%         3
 Olgreb's Toxic Radiance  Pois           15%        N/A       34%         4


Dungeon Overview and Level Annotations

Branches:
Dungeon (3/15)

Altars:


Innate Abilities, Weirdness & Mutations

You are very small and have problems with some larger weapons.
You are too small for most types of armour.
You have supernaturally acute eyesight. (SInv)
You cover ground extremely quickly. (Speed+++)


Message History

The endoplasm quivers.
Unknown command.
Unknown command.
Unknown command.
Casting: Sting (safe; 5% risk of failure)
Confirm with . or Enter, or press ? or * to list all spells.
Aiming: Sting (safe; 5% risk of failure)
Press: ? - help, Shift-Dir - straight line, f/p - endoplasm
Aim: an endoplasm (heavily wounded, poisoned, 98% to hit)
The sting misses the endoplasm.
You hit the endoplasm.
The endoplasm is severely wounded.
The endoplasm closely misses you.
You hit the endoplasm.
You kill the endoplasm!
Found a stone staircase leading down.
A wyvern zombie comes into view.
You see here a scroll labelled WAGEHA FATUP.
g - a scroll labelled WAGEHA FATUP The wyvern zombie misses you.
You see here a scroll labelled BAVELI NUIWNIO.
e - 2 scrolls labelled BAVELI NUIWNIO (gained 1)
The wyvern zombie barely misses you. The wyvern zombie barely misses you.
Found 3 gold pieces.
Found a scroll labelled ZICSOR RIGIOHA.
Found a stone staircase leading up.
There is a stone staircase leading up here.
You start waiting.
A wyvern zombie is nearby!
You hit the wyvern zombie.
The wyvern zombie is lightly damaged.
The wyvern zombie barely misses you.
You hit the wyvern zombie.
The wyvern zombie is lightly damaged.
The wyvern zombie bites you! x2
* * * LOW HITPOINT WARNING * * *
The wyvern zombie bites you!
Ouch! That really hurt!
You die...

............. ....#
#............ #...#
#............ #...#
#............
#...###............
#...#..............
##...#..............
+....#..............
#.@.#...Z..........
#.Z.#........##....
#...#........##....
+.......#######....
#.......###########
#.......#.. .......
+...#....#.####.....
#####.#..#.#........
.........#.#......


You could see a wyvern zombie.

Vanquished Creatures
  3 gnolls (D:2)
  4 adders (D:2)
  A worm (D:3)
  A dart slug (D:2)
  An orc (D:2)
  2 ball pythons (D:2)
  5 endoplasms
  A giant cockroach (D:2)
  3 hobgoblins
  3 jackals (D:2)
  3 quokkas
  2 bats (D:1)
  3 frilled lizards
  6 goblins
  3 kobolds (D:1)
  3 rats
44 creatures vanquished.

Notes
Turn   | Place    | Note
-------+----------+-------------------------------------------
     0 | D:1      | Feb132020 the Spriggan Venom Mage began the quest for the
                  | Orb.
     0 | D:1      | Reached XP level 1. HP: 9/9 MP: 5/5
   509 | D:1      | Reached XP level 2. HP: 13/13 MP: 6/6
   512 | D:1      | Learned a level 2 spell: Poisonous Vapours
  1179 | D:2      | Reached skill level 1 in Short Blades
  1218 | D:2      | Reached XP level 3. HP: 9/16 MP: 4/8
  1865 | D:2      | Reached skill level 4 in Stealth
  1899 | D:2      | Reached XP level 4. HP: 11/21 MP: 0/9
  2235 | D:2      | Learned a level 3 spell: Mephitic Cloud
  3284 | D:3      | Mangled by a wyvern zombie

Illustrated notes

Levels and vault maps discovered:
D:1:      kennysheep_arrival_forest, layout_loops_corners, hex_large
D:2:      layout_basic, hangedman_decor_diamond_cutter
D:3:      layout_basic, chequers_temple_overflow_minitemple,
          hellmonk_ecumenical_altar_slurped_away, uniq_ijyb

Skill      XL: |  1  2  3 |
---------------+----------+-----
Short Blades   | 1 |  1.5
Spellcasting   | 3 |  3.5
Stealth        | 4 |  4.8
Dodging        | 3 |  3.0
Fighting       | |  0.1
Transmutations | |  1.9
Air Magic      | |  0.1
Poison Magic   | |  3.7

Action                   |  1- 3 |  4- 6 || total
-------------------------+-------+-------++-------
Melee: Short sword       |    57 |    37 ||    94
 Cast: Sting             |    18 |    22 ||    40
       Poisonous Vapours |     4 |     7 ||    11
 Stab: Sleeping          |     9 |     2 ||    11
Armor: Robe              |     2 |       ||     2
Dodge: Dodged            |    37 |    28 ||    65

Table legend: (Time is in decaauts)
 A = Elapsed time spent in this place.
 B = Non-inter-level travel time spent in this place.
 C = Inter-level travel time spent in this place.
 D = Time resting spent in this place.
 E = Time spent auto-exploring this place.
 F = Levels seen in this place.
 G = Mean time per level.
                   A        B        C        D        E       F      G
               +--------+--------+--------+--------+--------+-----+--------+
         Total |   2604 |   2566 |     38 |     20 |   2182 |   3 |  868.0 |
       Dungeon |   2604 |   2566 |     38 |     20 |   2182 |   3 |  868.0 |
               +--------+--------+--------+--------+--------+-----+--------+

Top non-repeatable levels by time:
     D:2: 1529 daAuts
     D:1: 864 daAuts
     D:3: 210 daAuts
